 Dungeon Crawl Stone Soup version 0.15.2 (webtiles) character file.

96 Heini the Covered (level 4, -2/41 HPs)
             Began as a Minotaur Fighter on Feb 5, 2015.
             Slain by a goliath beetle (22 damage)
             ... on Level 3 of the Dungeon.
             The game lasted 00:05:18 (1919 turns).

Heini the Covered (Minotaur Fighter)                Turns: 1919, Time: 00:05:18

HP  -2/41        AC  9     Str 21      XL: 4   Next: 41%
MP   2/2         EV  6     Int  5      God:
Gold 156         SH 10     Dex 10      Spells:  0 memorised,  3 levels left

rFire  . . .     SeeInvis .     u - +0 morningstar
rCold  . . .     Clarity  .     b - +0 scale mail
rNeg   . . .     rCorr    .     c - +1 shield
rPois  .         rRot     .     (helmet restricted)
rElec  .         Spirit   .     (no cloak)
SustAb .         Warding  .     (no gloves)
rMut   .         Stasis   .     v - +1 pair of boots
Gourm  .                        (no amulet)
MR     .....                    (no ring)
                                (no ring)

@: not resistant to hostile enchantments, extremely unstealthy
A: retaliatory headbutt, horns 2
a: no special abilities


You were on level 3 of the Dungeon.
You were not hungry.

You visited 1 branch of the dungeon, and saw 3 of its levels.

You collected 156 gold pieces.

Inventory:

Hand weapons
 a - a +0 flail
 u - a +0 morningstar (weapon)
Armour
 b - a +0 scale mail (worn)
 c - a +1 shield (worn)
 v - a +1 pair of boots (worn)
Comestibles
 d - 4 bread rations
 g - a meat ration
 l - a slice of pizza
 p - a chunk of quokka flesh
 s - a royal jelly
 t - 2 fruits
 x - 4 chunks of orc flesh
 z - a chunk of orc flesh
Scrolls
 h - 3 scrolls of remove curse
 i - a scroll of amnesia {unknown}
 k - 2 scrolls of teleportation
Potions
 e - 2 potions of might
 f - a potion of resistance
 j - a potion of degeneration {unknown}
 m - a potion of lignification {unknown}
 n - a potion of magic {unknown}
 o - 2 potions of confusion {unknown}
 q - a potion of heal wounds {unknown}
 w - a potion of haste {unknown}
Books
 r - a book of Transfigurations

   Spells                             Type                      Level
   Stoneskin                          Transmutation/Earth          2
   Ice Form                           Ice/Transmutation            4
   Statue Form                        Transmutation/Earth          6
   Dragon Form                        Transmutation                7


   Skills:
 * Level 4.7 Fighting
 * Level 3.2 Maces & Flails
 * Level 5.0 Armour
 - Level 3.6 Shields


You had 3 spell levels left.
You didn't know any spells.

Dungeon Overview and Level Annotations

Branches:
Dungeon (3/15)

Altars:
Nemelex Xobeh
Yredelemnul
The Shining One


Innate Abilities, Weirdness & Mutations

You reflexively headbutt those who attack you in melee.
You have a pair of horns on your head.


Message History

You puncture the goliath beetle!
The goliath beetle is moderately wounded.
The goblin hits you but does no damage.
Your shield prevents you from hitting the goliath beetle.
The goliath beetle is moderately wounded.
The goblin hits you but does no damage. You block the goliath beetle's attack.
You hit the goliath beetle but do no damage.
The goliath beetle is moderately wounded.
You block the goblin's attack. The goblin hits you but does no damage.
The goliath beetle bites you!!
Ouch! That really hurt!
You puncture the goliath beetle!
Your headbutt misses the goliath beetle.
The goliath beetle is heavily wounded.
The goblin hits you but does no damage.
Your shield prevents you from hitting the goliath beetle.
The goliath beetle is heavily wounded.
You block the goblin's attack. The goliath beetle bites you!!
Ouch! That really hurt!
You die...

#.. #.# #.....
..# ... #......
###
...###......# ..
#...##..>...# ##
#...##......#
#...#......#
#...#......#
###..$#@B..?.#
#.......g...##
#.#..#.....##
... .
#.#..#######
.......# #.#..##
.....(.# #.#...#
.......# #.#.#.#
.......###...#.#
.....).#....##.#


You could see a goliath beetle and a goblin.

Vanquished Creatures
  5 adders
  2 giant geckos
  4 orcs
  2 giant cockroaches
  8 hobgoblins
  A quokka (D:3)
  A ball python (D:3)
  7 bats
  A giant newt (D:1)
  5 goblins
  6 kobolds
  7 rats
49 creatures vanquished.

Notes
Turn   | Place    | Note
--------------------------------------------------------------
     0 | D:1      | Heini, the Minotaur Fighter, began the quest for the Orb.
     0 | D:1      | Reached XP level 1. HP: 19/19 MP: 1/1
   600 | D:1      | Reached skill level 4 in Armour
   600 | D:1      | Reached XP level 2. HP: 27/27 MP: 1/1
   966 | D:2      | Reached XP level 3. HP: 33/33 MP: 2/2
  1169 | D:2      | Found a basalt altar of Yredelemnul.
  1170 | D:2      | Noticed a profane servitor
  1189 | D:2      | Found a glowing golden altar of the Shining One.
  1190 | D:2      | Noticed an angel
  1227 | D:2      | Found a sparkling altar of Nemelex Xobeh.
  1671 | D:3      | Reached XP level 4. HP: 25/41 MP: 2/2
  1712 | D:3      | Reached skill level 5 in Armour
  1919 | D:3      | Slain by a goliath beetle

Action                   |  1- 3 |  4- 6 || total
-------------------------+-------+-------++-------
Melee: Flail             |    79 |    18 ||    97
       Morningstar       |       |    25 ||    25
  Use: Scroll            |     6 |       ||     6
  Eat: Chunk             |     2 |     1 ||     3
